 Seeded DCSS version 0.29.1-2-gbd0b4ee654 (webtiles) character file.

Game seed: 8271373176540079763 (custom seed)

2 GigaChad the Trooper (level 1, 20/20 HPs)
             Began as a Minotaur Fighter on Nov 22, 2022.
             Quit the game on level 1 of the Dungeon.
             The game lasted 00:00:48 (276 turns).

GigaChad the Trooper (Minotaur Fighter)              Turns: 276, Time: 00:00:48

Health: 20/20      AC:  6    Str: 20    XL:     1   Next: 25%
Magic:  0/0        EV:  9    Int:  5    God:
Gold:   997        SH:  4    Dex:  9    Spells: 0/0 levels left

rFire   . . .      SeeInvis .   a - +0 war axe
rCold   . . .      Faith    .   c - +0 buckler
rNeg    . . .      Spirit   .   b - +0 scale mail
rPois   .          Reflect  .   (helmet restricted)
rElec   .          Harm     .   (no cloak)
rCorr   .          Rampage  .   (no gloves)
Will    .....                   (no boots)
Stlth   ..........              (no amulet)
HPRegen 0.06/turn               (no ring)
MPRegen 0.07/turn               (no ring)

@: no status effects
A: horns 2, retaliatory headbutt
a: no special abilities


You were on level 1 of the Dungeon.
You visited 1 branch of the dungeon, and saw 1 of its levels.

You collected 997 gold pieces.

Inventory:

Hand Weapons
 a - a +0 war axe (weapon)
Armour
 b - a +0 scale mail (worn)
 c - a +0 buckler (worn)
Potions
 d - a potion of might
 e - a potion of degeneration {unknown}


   Skills:
 + Level 3.7 Fighting
 + Level 2.6 Axes
 + Level 3.6 Armour
 + Level 3.6 Shields


You couldn't memorise any spells.
You didn't know any spells.
Your spell library contained the following spells:

 Spells                   Type           Power      Damage    Failure   Level
 Ensorcelled Hibernation  Hex/Ice        0%         N/A       96%         2
 Call Canine Familiar     Summ           0%         N/A       99%         3
 Portal Projectile        Hex/Tloc       0%         N/A       99%         3
 Spider Form              Tmut/Pois      0%         N/A       99%         3
 Anguish                  Hex/Necr       0%         N/A       100%        4
 Leda's Liquefaction      Hex/Erth       0%         N/A       100%        4


Dungeon Overview and Level Annotations

Branches:
Dungeon (1/15)

Altars:

Shops:
D:1 *


Innate Abilities, Weirdness & Mutations

You have a pair of horns on your head.
You reflexively headbutt those who attack you in melee.


Message History

You closely miss the quokka. Your headbutt misses the quokka.
You block the quokka's attack.
The quokka bites you but does no damage.
You hit the quokka. Your headbutt misses the quokka.
The quokka is almost dead.
The quokka bites you.
You hit the quokka.
You kill the quokka!
You pick up a book of Dreams and begin reading...
You add the spells Ensorcelled Hibernation, Spider Form and Anguish to your library.
You pick up a book of the Hunter and begin reading...
You add the spells Call Canine Familiar, Portal Projectile and Leda's Liquefaction to your library.
HP restored.
Found 6 stones.
You see here 6 stones.
Found 8 stones.
e - a scroll labelled SUAGOO EXASS You open the door.
There is an open door here.
This is a scroll of acquirement!
Something appears at your feet!
You now have 980 gold pieces.
You open the door.
There is an open door here.
e - a glowing golden potion You open the door.
There is an open door here.
There is an open door here.
You open the door.
There is an open door here.
There is an open door here.
There is a shaft here.
You open the door.
There is an open door here.
You now have 997 gold pieces (gained 17).
There is an open door here.
Found Akhoigit's General Store.
Found 6 stones.
There is an entrance to Akhoigit's General Store here.
Are you sure you want to abandon this character and quit the game? (Confirm with "yes".)

#.###########.##.#
#'# #...##.##.#
#.### #.#..#.##.#
....# #.<..'.##.#
###.# #.#..####.#
....# #...## #.#
##### #########.#
..(.....#
#......@#
#.#####.# ..# .#.#
#.... . ..# .. ..#
## ..##


There were no monsters in sight!

Vanquished Creatures
  A quokka (D:1)
  A ball python (D:1)
2 creatures vanquished.

Notes
Turn   | Place    | Note
-------+----------+-------------------------------------------
     0 | D:1      | GigaChad the Minotaur Fighter began the quest for the Orb.
     0 | D:1      | Reached XP level 1. HP: 19/19 MP: 0/0
   159 | D:1      | Identified a scroll of acquirement
   159 | D:1      | Acquired 980 gold pieces
   268 | D:1      | Found Akhoigit's General Store.
   276 | D:1      | Quit the game

Illustrated notes

Levels and vault maps discovered:
D:1:      dpeg_arrival_renting, layout_basic, serial_shops, shop, shop,
          minmay_pentomino_o4

Action                   || total
-------------------------++-------
Melee: War axe           ||     5
  Use: Scroll            ||     1
Armor: Scale mail        ||     2
Dodge: Dodged            ||     1
Block: Buckler           ||     2
